 Dungeon Crawl Stone Soup version 0.29.1-2-gbd0b4ee654 (webtiles) character file.

Game seed: 8877136375553128404

222 safid the Shooter (level 5, -1/48 HPs)
             Began as a Minotaur Hunter on Nov 17, 2022.
             Slain by an orc
             ... wielding a +0 hand axe
              (5 damage)
             ... on level 3 of the Dungeon.
             The game lasted 00:02:33 (1197 turns).

safid the Shooter (Minotaur Hunter)                 Turns: 1197, Time: 00:02:33

Health: -1/48      AC:  7    Str: 15    XL:     5   Next: 66%
Magic:  4/4        EV: 12    Int:  6    God:
Gold:   138        SH:  0    Dex: 16    Spells: 4/4 levels left

rFire   . . .      SeeInvis .   a - +0 shortbow
rCold   . . .      Faith    .   (shield currently unavailable)
rNeg    . . .      Spirit   .   c - +0 leather armour
rPois   .          Reflect  .   (helmet restricted)
rElec   .          Harm     .   g - +0 cloak
rCorr   .          Rampage  .   (no gloves)
Will    .....                   f - +2 pair of boots
Stlth   +.........              (no amulet)
HPRegen 0.16/turn               (no ring)
MPRegen 0.09/turn               (no ring)

@: no status effects
A: horns 2, retaliatory headbutt
a: no special abilities


You were on level 3 of the Dungeon.
You visited 1 branch of the dungeon, and saw 3 of its levels.

You collected 138 gold pieces.

Inventory:

Hand Weapons
 a - a +0 shortbow (weapon)
Armour
 c - a +0 leather armour (worn)
 f - a +2 pair of boots (worn)
 g - a +0 cloak (worn)
Jewellery
 m - a ring of magical power
Scrolls
 b - a scroll of immolation
 h - 2 scrolls of identify {unknown}
 i - 3 scrolls of magic mapping {unknown}
 j - a scroll of acquirement {unknown}
 l - a scroll of teleportation {unknown}
 o - a scroll of amnesia {unknown}
Potions
 d - 2 potions of lignification {unknown}
 e - 2 potions of might {unknown}
 k - a potion of mutation {unknown}
 n - a potion of ambrosia {unknown}


   Skills:
 + Level 5.4 Fighting
 + Level 6.2 Ranged Weapons
 - Level 2.1 Dodging
 - Level 0.7 Stealth


You had 4 spell levels left.
You didn't know any spells.
Your spell library was empty.

Dungeon Overview and Level Annotations

Branches:
Dungeon (3/15)

Altars:

Annotations:
D:3 Grinder


Innate Abilities, Weirdness & Mutations

You have a pair of horns on your head.
You reflexively headbutt those who attack you in melee.


Message History

The worm is almost dead.
The orc closely misses you. The orc hits you but does no damage.
Grinder hits you.
You writhe in agony.
You shoot an arrow. The arrow hits the worm!
You kill the worm!
You hear a shout!
Grinder hits you!
You writhe in agony.
The orc hits you with a +0 hand axe.
A gnoll comes into view. It is wielding a +1 flail of draining.
You shoot an arrow. The arrow barely misses Grinder.
Grinder hits you.
You writhe in agony.
The orc closely misses you. The frilled lizard misses you.
A gnoll comes into view. It is wielding a +0 halberd.
You shoot an arrow.
The arrow hits Grinder but does no damage.
Grinder hits you but does no damage. The orc barely misses you.
You furiously retaliate!
You headbutt the orc. The gnoll hits you but does no damage.
The frilled lizard unfolds its giant frill.
The frilled lizard closely misses you. Grinder closely misses you.
You furiously retaliate!
You headbutt Grinder. The orc hits you but does no damage.
The gnoll hits you from afar with a +0 halberd.
The frilled lizard completely misses you.
Unknown command.
You are too injured to fight recklessly!
You are too injured to fight recklessly!
Unknown command.
Fire: a) +0 shortbow
Press: ? - help, Q - select action Shift-Dir - straight line, f/p - Grinder
Aim: Grinder (lightly wounded, 62% to hit)
You shoot an arrow. The arrow hits Grinder.
Grinder is lightly wounded.
You hear a shout!
Grinder hits you.
You writhe in agony.
* * * LOW HITPOINT WARNING * * *
The orc hits you but does no damage. The frilled lizard barely misses you.
The gnoll hits you from afar with a +0 halberd!
* * * LOW HITPOINT WARNING * * *
Grinder barely misses you. You furiously retaliate!
You headbutt Grinder, but do no damage. The orc hits you with a +0 hand axe.
You die...

#.# #.#
..> .?.
##.# g.#
###.###5#
.....gl@#
###.###o#
..# ##..
###


You could see Grinder, 2 gnolls, an orc and a frilled lizard.

Vanquished Creatures
  Sigmund (D:2)
  2 adders (D:2)
  A worm (D:3)
  7 ball pythons
  3 bats
  11 endoplasms
  2 giant cockroaches (D:1)
  3 goblins
  2 hobgoblins (D:2)
  4 jackals (D:1)
  2 kobolds (D:1)
  2 quokkas
  2 frilled lizards (D:2)
  4 rats
46 creatures vanquished.

Notes
Turn   | Place    | Note
-------+----------+-------------------------------------------
     0 | D:1      | safid the Minotaur Hunter began the quest for the Orb.
     0 | D:1      | Reached XP level 1. HP: 18/18 MP: 0/0
   144 | D:1      | Reached XP level 2. HP: 26/26 MP: 1/1
   765 | D:2      | Reached skill level 5 in Ranged Weapons
   765 | D:2      | Reached XP level 3. HP: 31/31 MP: 2/2
   976 | D:2      | Noticed Sigmund
   986 | D:2      | Killed Sigmund
   987 | D:2      | Reached skill level 5 in Fighting
   987 | D:2      | Reached skill level 6 in Ranged Weapons
   987 | D:2      | Reached XP level 4. HP: 32/42 MP: 3/3
   987 | D:2      | Reached XP level 5. HP: 37/48 MP: 4/4
  1191 | D:3      | Noticed Grinder
  1197 | D:3      | Slain by an orc

Illustrated notes

Levels and vault maps discovered:
D:1:      dpeg_arrival_oval, layout_basic
D:2:      layout_rooms, uniq_sigmund
D:3:      layout_loops_ring, lemuel_doored_altar, uniq_grinder

Skill      XL: |  1  2  3 |
---------------+----------+-----
Fighting       | 3 5 |  5.4
Ranged Weapons | 5 6 |  6.2
Dodging        | |  2.1
Stealth        | |  0.7

Action                   |  1- 3 |  4- 6 || total
-------------------------+-------+-------++-------
 Fire: Shortbow          |    95 |    26 ||   121
Armor: Leather armour    |    16 |     9 ||    25
Dodge: Dodged            |    23 |    15 ||    38
